 Dungeon Crawl Stone Soup version 0.29-a0-1043-g569b05d6ff (webtiles) character file.

Game seed: 9379010824238963610

6365 Nedwor the Trooper (level 10, -5/79 HPs)
             Began as a Demonspawn Gladiator on Aug 16, 2022.
             Was an Initiate of Gozag.
             Killed from afar by an electric eel (6 damage)
             ... with a bolt of electricity
             ... on level 9 of the Dungeon.
             The game lasted 00:14:26 (9061 turns).

Nedwor the Trooper (Demonspawn Gladiator)           Turns: 9061, Time: 00:14:26

Health: -5/79      AC: 15    Str: 18    XL:     10   Next: 65%
Magic:  0/19       EV: 14    Int: 11    God:    Gozag
Gold:   231        SH:  0    Dex: 14    Spells: 9/9 levels left

rFire   . . .      SeeInvis .   D - +10 hand axe of Fate {protect, Will+}
rCold   . . .      Faith    .   (no shield)
rNeg    + . .      Spirit   +   q - +0 swamp dragon scales
rPois   +          Reflect  .   c - +0 helmet
rElec   .          Harm     .   r - +1 cloak {Will+}
rCorr   .          Rampage  .   (no gloves)
Will    ++...                   (no boots)
Stlth   +.........              f - amulet of guardian spirit
HPRegen 0.23/turn               j - ring of magical power
MPRegen 0.16/turn               x - ring of positive energy

@: no status effects
A: molten scales 2, ignite blood 1, powered by death 1, demonic touch 2
a: Renounce Religion, Potion Petition, Call Merchant, Bribe Branch


You were on level 9 of the Dungeon.
You worshipped Gozag.
Gozag was aware of your devotion.
You visited 2 branches of the dungeon, and saw 10 of its levels.
You also visited: Sewer.

You collected 1100 gold pieces.
You paid 869 gold pieces to Gozag.

Inventory:

Hand Weapons
 o - a +0 whip of electrocution
 D - the +10 hand axe of Fate (weapon) {protect, Will+}
   (You found it on level 7 of the Dungeon)

   It grants its wielder temporary protection when it strikes (+7 to AC).
   Will:      It increases your willpower.
Missiles
 d - 3 throwing nets (quivered)
Armour
 c - a +0 helmet (worn)
 q - +0 swamp dragon scales (worn)
 r - a +1 cloak of willpower (worn)
Jewellery
 f - an amulet of guardian spirit (around neck)
 j - a ring of magical power (left hand)
 x - a ring of positive energy (right hand)
 E - a ring of wizardry
 H - a +4 ring of evasion
Wands
 w - a wand of polymorph (9)
 A - a wand of flame (16)
 F - a wand of light (6)
Scrolls
 b - a scroll of blinking {unknown}
 e - 8 scrolls of identify
 h - 2 scrolls of butterflies
 v - a scroll of enchant armour {unknown}
 y - 2 scrolls of teleportation
 z - 2 scrolls of fear {unknown}
 B - a scroll of enchant weapon {unknown}
 C - a scroll of vulnerability {unknown}
 G - a scroll of immolation {unknown}
 I - a scroll of magic mapping {unknown}
Potions
 a - 4 potions of mutation {unknown}
 g - 3 potions of attraction {unknown}
 i - a potion of haste
 k - 2 potions of degeneration {unknown}
 l - 2 potions of heal wounds {unknown}
 m - 4 potions of curing {unknown}
 n - a potion of might {unknown}
 p - a potion of resistance {unknown}
 s - a potion of flight {unknown}
 t - 2 potions of brilliance {unknown}
 u - a potion of invisibility {unknown}


   Skills:
 + Level 7.4 Fighting
 * Level 6.8(8.2) Axes
 - Level 5.5(7.1) Maces & Flails
 - Level 3.9(5.9) Polearms
 - Level 1.7 Throwing
 + Level 6.5 Armour
 + Level 7.2 Dodging


You had 9 spell levels left.
You didn't know any spells.
Your spell library contained the following spells:

 Spells                   Type           Power      Damage    Failure   Level
 Beastly Appendage        Tmut           0%         N/A       52%         1
 Shock                    Conj/Air       0%         1d3       52%         1
 Sting                    Tmut/Pois      0%         1d3       52%         1
 Summon Small Mammal      Summ           0%         N/A       52%         1
 Poisonous Vapours        Pois/Air       0%         N/A       65%         2
 Call Canine Familiar     Summ           0%         N/A       87%         3
 Portal Projectile        Hex/Tloc       0%         N/A       87%         3
 Summon Guardian Golem    Hex/Summ       0%         N/A       87%         3
 Tukima's Dance           Hex            0%         N/A       87%         3
 Hailstorm                Conj/Ice       0%         3d3       99%         4
 Ice Form                 Ice/Tmut       0%         N/A       99%         4
 Leda's Liquefaction      Hex/Erth       0%         N/A       99%         4
 Olgreb's Toxic Radiance  Pois           0%         N/A       99%         4
 Passage of Golubria      Tloc           0%         N/A       99%         4
 Summon Lightning Spire   Summ/Air       0%         N/A       99%         4
 Yara's Violent Unravell  Hex/Tmut       0%         3d3       100%        5
 Storm Form               Tmut/Air       0%         N/A       100%        7
 Maxwell's Capacitive Co  Air            0%         ∞         100%        8
 Simulacrum               Ice/Necr       Unusable   N/A       N/A         6

Dungeon Overview and Level Annotations

Branches:
Dungeon (9/15)             Temple (1/1) D:5           Sewer (visited)
   Lair: D:8-11         Orc: D:9-12

Altars:
Ashenzari
Cheibriados
Dithmenos
Fedhas
Gozag
Hepliaklqana
Kikubaaqudgha
Makhleb
Nemelex Xobeh
Okawaru
Qazlal
Ru
Sif Muna
Trog
Uskayaw
Vehumet
Wu Jian
Xom

Shops:
D:4 *   D:8 =


Innate Abilities, Weirdness & Mutations

You are mostly covered in molten scales. (AC +3)
Your demonic aura sometimes causes spilled blood to erupt in flames.
You regenerate a little health from kills.
Your touch may inflict irresistible damage on your foes.


Message History

You hit the electric eel.
You kill the electric eel!
You hear a splash.
Unknown command.
The electric eel shoots out a bolt of lightning at you!
The bolt of electricity hits you!
You enter the shallow water.
Moving in this stuff is going to be slow.
An electric eel comes into view.
The electric eel shoots out a bolt of lightning at you!
The bolt of electricity hits you.
The electric eel shoots out a bolt of lightning at you!
The bolt of electricity hits you!
The electric eel shoots out a bolt of lightning at you!
The bolt of electricity hits you!
* * * LOW HITPOINT WARNING * * *
The electric eel shoots out a bolt of lightning at you!
The bolt of electricity hits the electric eel.
The electric eel completely resists.
The bolt of electricity hits the electric eel.
The electric eel completely resists.
The bolt of electricity hits you!
* * * LOW HITPOINT WARNING * * *
The electric eel shoots out a bolt of lightning at you!
The bolt of electricity hits you.
* * * LOW HITPOINT WARNING * * *
The electric eel shoots out a bolt of lightning at you!
The bolt of electricity hits you!
* * * LOW HITPOINT WARNING * * *
The electric eel shoots out a bolt of lightning at you!
The bolt of electricity hits the electric eel.
The electric eel completely resists.
The bolt of electricity misses you.
The electric eel shoots out a bolt of lightning at you!
The bolt of electricity hits the electric eel.
The electric eel completely resists.
The bolt of electricity hits you.
* * * LOW HITPOINT WARNING * * *
The electric eel shoots out a bolt of lightning at you!
The bolt of electricity hits the electric eel.
The electric eel completely resists.
The bolt of electricity hits you.
You die...
Your body crumbles into a pile of gold.

≈≈≈≈≈~~~.~....
≈≈≈S≈≈≈~.~.~#
≈≈≈≈S≈~≈.~.~#
~~~≈~~S$.~.~#
~........~.~###
~.~~~~~.......+
~.~≈≈...~~.~###...
~.~≈~.~≈~$.~###..>
#.###.####@#......
# #. #...#......
#..##.#.+......
........#......
###.####.$......
..... #........
.......#.######+ .
....#...#
.._.....#.###


You could see 3 electric eels.

Vanquished Creatures
  A boulder beetle (D:8)
  A two-headed ogre (D:8)
  Psyche (D:8)
  2 hornets
  Prince Ribbit (D:7)
  A shadow (D:9)
  Eustachio (D:6)
  2 steam dragons
  A vampire mosquito (D:8)
  2 water moccasins (D:8)
  Duvessa (D:5)
  2 orc warriors (D:8)
  A black bear (D:8)
  3 ogres
  4 centaurs
  5 kobold brigands
  8 bullfrogs
  A necrophage (D:8)
  A gnoll sergeant (D:6)
  3 scorpions
  2 wights (D:8)
  Dowan (D:5)
  2 howler monkeys (D:8)
  2 jellies
  3 electric eels (D:9)
  A hound (D:6)
  5 orc priests
  Crazy Yiuf (D:2)
  Terence (D:3)
  An iguana (D:5)
  9 orc wizards
  8 gnolls
  8 adders
  6 river rats
  2 white imps
  2 ufetubi (D:5)
  4 worms
  24 orcs
  5 endoplasms
  8 giant cockroaches
  5 hobgoblins
  4 jackals (D:1)
  A quokka (D:1)
  20 ball pythons
  7 bats
  4 frilled lizards
  A goblin (D:3)
  18 kobolds
  22 rats
219 creatures vanquished.

Vanquished Creatures (others)
  A gnoll bouda (D:8)
  An orc wizard (D:8)
  A gnoll (D:6)
3 creatures vanquished.

Grand Total: 222 creatures vanquished

Notes
Turn   | Place    | Note
-------+----------+-------------------------------------------
     0 | D:1      | Nedwor the Demonspawn Gladiator began the quest for the
                  | Orb.
     0 | D:1      | Reached XP level 1. HP: 16/16 MP: 1/1
   363 | D:1      | Gained mutation: You are partially covered in molten
                  | scales. (AC +2) [demonic ancestry]
   363 | D:1      | Reached XP level 2. HP: 22/22 MP: 2/2
   711 | D:1      | Found a faded altar of an unknown god.
  1069 | D:2      | Gained mutation: You are mostly covered in molten scales.
                  | (AC +3) [demonic ancestry]
  1069 | D:2      | Reached XP level 3. HP: 28/28 MP: 3/3
  1265 | D:2      | Found a runed translucent door.
  1266 | D:2      | Noticed Crazy Yiuf
  1609 | D:2      | Reached skill level 1 in Armour
  1845 | D:2      | Killed Crazy Yiuf
  1846 | D:2      | Reached XP level 4. HP: 11/34 MP: 1/4
  2135 | D:3      | Noticed Terence
  2148 | D:3      | Killed Terence
  2556 | D:4      | Found Zin's Purification Station.
  2658 | D:4      | Gained mutation: Your touch may inflict minor irresistible
                  | damage on your foes. [demonic ancestry]
  2658 | D:4      | Reached XP level 5. HP: 37/40 MP: 5/5
  3037 | D:4      | Found a glowing drain.
  3058 | Sewer    | Entered a sewer
  3096 | Sewer    | Reached skill level 1 in Maces & Flails
  3440 | Sewer    | Gained mutation: You regenerate a little health from kills.
                  | [demonic ancestry]
  3440 | Sewer    | Reached XP level 6. HP: 17/47 MP: 6/6
  4030 | D:4      | Found a shimmering blue altar of Sif Muna.
  4202 | D:5      | Entered Level 5 of the Dungeon
  4220 | D:5      | Reached XP level 7. HP: 44/53 MP: 7/7
  4492 | D:5      | Found a stormy altar of Qazlal.
  4502 | D:5      | Got First Steps in Witchery
  4774 | D:5      | Noticed Duvessa
  4774 | D:5      | Noticed Dowan
  4784 | D:5      | Killed Duvessa
  4786 | D:5      | Killed Dowan
  4923 | D:5      | Found a staircase to the Ecumenical Temple.
  4935 | Temple   | Entered the Ecumenical Temple
  5245 | Temple   | Became a worshipper of Gozag Ym Sagoz the Greedy
  5400 | D:6      | Gained mutation: Your touch may inflict irresistible damage
                  | on your foes. [demonic ancestry]
  5400 | D:6      | Reached XP level 8. HP: 48/61 MP: 8/8
  6078 | D:6      | Reached skill level 5 in Maces & Flails
  6103 | D:6      | Noticed Eustachio
  6144 | D:6      | Killed Eustachio
  6145 | D:6      | Reached skill level 5 in Dodging
  6284 | D:6      | Reached skill level 5 in Fighting
  6465 | D:6      | Found a snail-covered altar of Cheibriados.
  7205 | D:7      | Identified the +10 hand axe of Fate {protect, Will+}
  7208 | D:7      | Found a burning altar of Makhleb.
  7418 | D:7      | Noticed Prince Ribbit
  7422 | D:7      | Reached skill level 1 in Axes
  7434 | D:7      | Killed Prince Ribbit
  7435 | D:7      | Reached XP level 9. HP: 66/68 MP: 9/9
  7547 | D:7      | Found a shadowy altar of Dithmenos.
  7849 | D:8      | Reached skill level 5 in Armour
  7861 | D:8      | Noticed Psyche
  7864 | D:8      | Noticed a two-headed ogre
  7867 | D:8      | Killed Psyche
  7875 | D:8      | Killed a two-headed ogre
  7876 | D:8      | Reached skill level 5 in Axes
  7876 | D:8      | Gained mutation: Your demonic aura sometimes causes spilled
                  | blood to erupt in flames. [demonic ancestry]
  7876 | D:8      | Reached XP level 10. HP: 77/77 MP: 10/10
  7879 | D:8      | Noticed a boulder beetle
  7911 | D:8      | Killed a boulder beetle
  8564 | D:9      | Found a shimmering altar of Xom.
  9058 | D:9      | HP: 2/79 [electric eel/bolt of electricity (6)]
  9061 | D:9      | Killed from afar by an electric eel

Illustrated notes

Levels and vault maps discovered:
D:1:      amcnicky_arrival_choice, layout_basic,
          shapermc_ecumenical_altar_notcrosses
D:2:      layout_basic, uniq_crazy_yiuf_cottage
D:3:      layout_basic, uniq_terence
D:4:      layout_gridville, zin_purify, kennysheep_orc_sif_temple,
          portal_sewer_entry_a, minmay_misc_feat_rows
D:5:      dreamdust_elfheim, layout_basic, nicolae_qazlal_general_emergency,
          temple_hall
D:6:      layout_gridville, nicolae_overflow_two_pavilions, uniq_eustachio
D:7:      layout_basic, mainiacjoe_overflow_cross_hatched,
          mainiacjoe_overflow_brackets, uniq_prince_ribbit1
D:8:      nzn_winding_woodlands_medium [nzn_winding_woodlands_5x5_three,
          nzn_winding_woodlands_5x15_river_crossing,
          nzn_winding_woodlands_5x5_closed_star,
          nzn_winding_woodlands_5x5_checkerboard,
          nzn_winding_woodlands_center_lodge,
          nzn_winding_woodlands_5x5_perimeter,
          nzn_winding_woodlands_5x5_open_star,
          nzn_winding_woodlands_5x15_longhouse,
          nzn_winding_woodlands_hourglass], layout_cave_pools, uniq_psyche
D:9:      layout_basic, mainiacjoe_overflow_six_doors_small, old_standard_altar,
          lair_entry_dummy, david_orc_4
Temple:   oiseaux_autumnal_temple

Skill      XL: |  1  2  3  4  5  6  7  8  9 10 |
---------------+-------------------------------+-----
Polearms       | 3 |  3.9
Dodging        | 3 4 5 6 7 |  7.2
Armour         | 1 2 3 4 5 6 |  6.5
Maces & Flails | 1 3 4 5 |  5.5
Fighting       | 3 4 5 6 7 |  7.4
Axes           | 2 5 6 |  6.8
Throwing       | |  1.7

Action                   |  1- 3 |  4- 6 |  7- 9 | 10-12 || total
-------------------------+-------+-------+-------+-------++-------
Melee: Trident           |   124 |    70 |       |       ||   194
       Punch             |     1 |     3 |     3 |     2 ||     9
       Whip              |       |   165 |   194 |       ||   359
       Touch             |       |    18 |    54 |    16 ||    88
       Hand axe          |       |       |    85 |    86 ||   171
Invok: Call Merchant     |       |       |       |     1 ||     1
  Use: Scroll            |       |     7 |       |       ||     7
       Potion            |       |     1 |     1 |       ||     2
 Stab: Sleeping          |     3 |       |       |       ||     3
       Distracted        |       |       |     2 |     1 ||     3
Armor: Leather armour    |    43 |       |       |       ||    43
       Swamp dragon scal |     1 |   193 |   257 |    43 ||   494
Dodge: Dodged            |    75 |   257 |   268 |    69 ||   669

Table legend: (Time is in decaauts)
 A = Elapsed time spent in this place.
 B = Non-inter-level travel time spent in this place.
 C = Inter-level travel time spent in this place.
 D = Time resting spent in this place.
 E = Time spent auto-exploring this place.
 F = Levels seen in this place.
 G = Mean time per level.
                   A        B        C        D        E       F      G
               +--------+--------+--------+--------+--------+-----+--------+
         Total |   9109 |   8647 |    462 |   1255 |   5909 |  11 |  828.1 |
       Dungeon |   8122 |   7732 |    390 |   1106 |   5393 |   9 |  902.4 |
        Temple |    346 |    275 |     71 |      0 |    260 |   1 |  346.0 |
         Sewer |    641 |    641 |      0 |    149 |    255 |   1 |  641.0 |
               +--------+--------+--------+--------+--------+-----+--------+

Top non-repeatable levels by time:
     D:6: 1399 daAuts
     D:1: 1181 daAuts
     D:2: 1077 daAuts
     D:7: 1050 daAuts
     D:4: 848 daAuts
     D:5: 827 daAuts
     D:8: 724 daAuts
   Sewer: 641 daAuts
     D:3: 516 daAuts
     D:9: 497 daAuts
  Temple: 346 daAuts
